AoeStats
← Kshulo

African Clearing

504344801Analyzed
4v4 RM · 28d ago on Sep 4, 2026· 46m 0s· 8 players
Game mode
Random Map
Map size
Large (8 player)
Population
200
Speed
Normal
Resources
Standard
Victory
Conquest
Starting age
Dark Age
Ending age
Imperial Age
RankedLock teamsTeams togetherTeam positionsShared explorationLock speedFull tech treeHidden civsTurbo modeCheats
Victory
Defeat
🇨🇦 Spanish · Canada
1362
+11
🇺🇸 Inca · United States
1304
+13
🇦🇷 Aztecs · Argentina
1302
+13
🇨🇦 Mongols · Canada
1273
+13
🇨🇱 Vikings · Chile
1277
-14
🇺🇾 Mongols · Uruguay
1275
-14
🇨🇱 Lithuanians · Chile
1240
-13
🇨🇱 Italians · Chile
1145
-9
Enter a Name
9:08 Loom
14:35 Feudal Age
18:37 Castle Age
16:31 Double-Bit Axe
17:09 Horse Collar
20:07 Town Watch
22:13 Scale Mail Armor
28:54 Wheelbarrow
30:27 Hand Cart
32:29 Chain Mail Armor
33:05 Forging
33:14 Gold Mining
33:35 Bow Saw
33:47 Heavy Plow
34:14 Squires
39:59 Imperial Age
39:31 Iron Casting
39:17 Pikeman
39:43 Arson
41:11 Plate Mail Armor
41:06 Conscription
42:22 Elite Kamayuk
43:25 Capped Ram
46:55 Blast Furnace
CSA_HW_Mercer
4:27 Loom
12:27 Feudal Age
17:14 Castle Age
16:58 Double-Bit Axe
23:44 Gold Mining
27:20 Wheelbarrow
27:05 Stone Mining
27:27 Bow Saw
27:17 Town Watch
27:42 Padded Archer Armor
31:22 Horse Collar
32:20 Leather Archer Armor
32:19 Husbandry
33:01 Bloodlines
34:56 Fletching
36:20 Hand Cart
36:14 Light Cavalry
41:20 Imperial Age
39:09 Scale Barding Armor
40:15 Chain Barding Armor
40:05 Forging
41:41 Heavy Plow
43:07 Two-Man Saw
42:44 Plate Barding Armor
41:31 Hussar
44:14 Iron Casting
44:52 Cavalier
47:38 Blast Furnace
lobo
7:07 Loom
13:48 Feudal Age
17:50 Castle Age
16:31 Double-Bit Axe
18:50 Bow Saw
19:57 Horse Collar
24:46 Sanctity
24:17 Pikeman
25:33 Redemption
28:20 Fervor
30:35 Fletching
31:36 Bodkin Arrow
32:31 Elite Skirmisher
35:20 Wheelbarrow
34:50 Heavy Plow
40:16 Imperial Age
38:39 Ballistics
38:15 Gold Mining
38:51 Padded Archer Armor
39:10 Crossbowman
41:02 Bracer
41:20 Block Printing
42:08 Arbalester
Schvank
11:46 Feudal Age
16:11 Castle Age
15:11 Double-Bit Axe
16:30 Gold Mining
17:18 Loom
17:42 Town Watch
20:25 Bow Saw
22:34 Fletching
23:35 Bodkin Arrow
28:42 Wheelbarrow
31:18 Hand Cart
31:36 Padded Archer Armor
32:59 Ballistics
33:17 Leather Archer Armor
34:33 Gold Shaft Mining
38:35 Thumb Ring
38:42 Bloodlines
38:32 Husbandry
41:01 Stone Mining
43:30 Horse Collar
44:23 Heavy Plow
45:26 Stone Shaft Mining
Kshulo
7:09 Loom
12:56 Feudal Age
19:26 Double-Bit Axe
23:59 Castle Age
27:08 Elite Skirmisher
27:41 Fletching
28:09 Bow Saw
28:23 Bodkin Arrow
32:45 Horse Collar
38:44 Ballistics
39:17 Town Watch
40:19 Padded Archer Armor
41:05 Treadmill Crane
45:18 Imperial Age
43:42 Squires
43:29 Arson
44:35 Leather Archer Armor
44:34 Crossbowman
45:52 Pikeman
PESCADO
8:26 Loom
13:48 Feudal Age
18:40 Castle Age
17:21 Double-Bit Axe
17:20 Horse Collar
21:26 Heavy Plow
24:04 Bow Saw
25:46 Stone Mining
27:30 Stone Shaft Mining
32:02 Forging
31:58 Scale Barding Armor
34:00 Bloodlines
33:50 Husbandry
34:45 Hill Forts
36:06 Wheelbarrow
35:03 Elite Skirmisher
35:49 Thumb Ring
35:38 Fletching
38:53 Iron Casting
40:04 Bodkin Arrow
40:31 Chain Barding Armor
41:00 Padded Archer Armor
41:22 Ballistics
41:29 Hand Cart
45:03 Imperial Age
43:26 Town Watch
45:48 Bracer
46:52 Conscription
46:35 Tower Shields
Daiki
6:27 Loom
13:30 Feudal Age
20:34 Castle Age
19:50 Double-Bit Axe
21:59 Forging
23:35 Iron Casting
23:07 Scale Barding Armor
24:13 Husbandry
PMA
3:21 Loom
14:22 Feudal Age
18:04 Castle Age
17:59 Double-Bit Axe
21:13 Bow Saw
23:10 Wheelbarrow
22:26 Town Watch
24:07 Horse Collar
31:39 Fletching
35:38 Imperial Age
33:43 Bodkin Arrow
38:29 Imperial Age
36:32 Ballistics
37:37 Masonry
37:35 Scale Barding Armor
37:51 Careening
40:31 Chemistry
39:33 Bracer
42:28 Hand Cart
Connection lost

Rejoining the realm…

Still unreachable

The connection could not be restored.

Session expired

The server has moved on; the page needs a fresh start.